 Dungeon Crawl Stone Soup version 0.22-a0-603-gfc1114d (webtiles) character file.

79 sking99 the Ruffian (level 4, 0/36 HPs)
             Began as a Draconian Transmuter on July 7, 2018.
             Succumbed to an adder's poison
             ... on level 2 of the Dungeon.
             The game lasted 00:03:31 (2098 turns).

sking99 the Ruffian (Draconian Transmuter)          Turns: 2098, Time: 00:03:31

Health: 0/36       AC:  6    Str: 12    XL:     4   Next: 16%
Magic:  7/7        EV: 12    Int: 15    God:
Gold:   120        SH:  0    Dex: 11    Spells: 4/7 levels left

rFire    . . .     SeeInvis .     - Unarmed
rCold    . . .     Gourm    .   (no shield)
rNeg     . . .     Faith    .   (armour unavailable)
rPois    .         Spirit   .   (helmet restricted)
rElec    .         Reflect  .   (no cloak)
rCorr    .         Harm     .   (no gloves)
MR       .....                  g - +0 pair of boots
Stlth    +.........             (no amulet)
HPRegen  0.12/turn              (no ring)
MPRegen  0.10/turn              (no ring)

@: lethally poisoned (0 -> -3), hasted, very quick
A: unfitting armour, cold-blooded, AC +5
a: no special abilities


You were on level 2 of the Dungeon.
You were not hungry.

You visited 1 branch of the dungeon, and saw 3 of its levels.

You collected 120 gold pieces.

Inventory:

Missiles
 a - 8 arrows
Armour
 g - a +0 pair of boots (worn)
Jewellery
 o - an uncursed ring of resist corrosion {unknown}
 p - an uncursed amulet of rage {unknown}
Scrolls
 d - 3 scrolls of identify {unknown}
 e - a scroll of remove curse {unknown}
 h - a scroll of magic mapping {unknown}
 i - 2 scrolls of immolation {unknown}
 m - a scroll of enchant armour {unknown}
 q - a scroll of teleportation {unknown}
Potions
 b - a potion of haste
 f - a potion of resistance {unknown}
 k - a potion of agility {unknown}
 l - a potion of magic {unknown}
 n - a potion of degeneration {unknown}
Comestibles
 c - 9 rations
 j - 5 chunks of flesh


   Skills:
 - Level 2.0 Fighting
 - Level 1.7 Dodging
 * Level 4.5 Unarmed Combat
 - Level 2.0 Spellcasting
 + Level 2.4 Transmutations


You had 4 spell levels left.
You knew the following spells:

 Your Spells              Type           Power        Failure   Level  Hunger
a - Beastly Appendage     Tmut           #.....       9%          1    #......
b - Sticks to Snakes      Tmut           #.......     12%         2    ###....

Your spell library contained the following spells:

 Spells                   Type           Power        Failure   Level  Hunger
 Spider Form              Tmut/Pois      #.........   38%         3    ###....
 Blade Hands              Tmut           #.........   92%         5    ######.
 Ice Form                 Ice/Tmut       #.......     80%         4    #####..


Dungeon Overview and Level Annotations

Branches:
Dungeon (3/15)

Altars:


Innate Abilities, Weirdness & Mutations

Your plain brown scales are hard. (AC +5)
You cannot fit into any form of body armour.
You are cold-blooded and may be slowed by cold attacks.


Message History

You tail-slap the adder, but do no damage.
The adder is almost dead.
You feel sick. The adder bites you. The gnoll barely misses you.
You punch the adder!
You kill the adder!
The gnoll barely misses you.
You hit the gnoll but do no damage.
You feel sick. The gnoll hits you with a whip.
* * * LOW HITPOINT WARNING * * *
You barely miss the gnoll.
Your tail-slap misses the gnoll.
The gnoll hits you with a whip.
* * * LOW HITPOINT WARNING * * *
You hit the gnoll.
The gnoll is moderately wounded.
You hit the gnoll.
The gnoll is heavily wounded.
The gnoll hits you with a whip.
* * * LOW HITPOINT WARNING * * *
It was a potion of haste.
You feel yourself speed up.
You die...

#.### #...##.......
#...# #...#####..#.
###.########...###
#....
#..........#....###...#
#..........##..........
#..........##.##.......
#......................
#..........##..........
#.....@....###.........
#....†.g.......#.......
#..........###.##......
#####.###### #.##.#.###
#(..######..#.#....
#.......###...#..##
#..................
#.......###.....###
#.................#


You could see a gnoll.

Vanquished Creatures
  4 adders (D:2)
  An ooze (D:1)
  A dart slug (D:3)
  A leopard gecko (D:2)
  A ball python (D:1)
  A bat (D:2)
  3 giant cockroaches (D:1)
  4 goblins
  6 hobgoblins
  6 frilled lizards
  6 kobolds (D:1)
  6 rats
40 creatures vanquished.

Notes
Turn   | Place    | Note
-------+----------+-------------------------------------------
     0 | D:1      | sking99 the Draconian Transmuter began the quest for the Orb.
     0 | D:1      | Reached XP level 1. HP: 16/16 MP: 3/3
   219 | D:1      | Reached XP level 2. HP: 23/23 MP: 5/5
  1151 | D:1      | Reached XP level 3. HP: 22/29 MP: 6/6
  1228 | D:1      | Learned a level 2 spell: Sticks to Snakes
  1436 | D:2      | Reached skill level 4 in Unarmed Combat
  1877 | D:3      | Reached XP level 4. HP: 36/36 MP: 7/7
  2097 | D:2      | HP: 1/36 [gnoll/whip (5)]
  2098 | D:2      | Succumbed to an adder's poison

Vault maps used:
D:1:      dpeg_arrival_shrine, minmay_tromino_i2
D:2:      first_ration
D:3:      nicolae_overflow_hidden_temple, overflow_temple_1_default,
          uniq_terence

Skill      XL: |  1  2  3 |
---------------+----------+-----
Fighting       | 2 |  2.0
Unarmed Combat | 4 |  4.5
Dodging        | |  1.7
Spellcasting   | |  2.0
Transmutations | |  2.4

Action                   |  1- 3 |  4- 6 || total
-------------------------+-------+-------++-------
Melee: Unarmed           |   115 |    23 ||   138
       Headbutt          |     3 |       ||     3
       Tailslap          |    10 |     2 ||    12
       Punch             |     1 |       ||     1
 Cast: Beastly Appendage |     4 |       ||     4
       Sticks to Snakes  |     2 |     2 ||     4
  Use: Potion            |       |     1 ||     1
  Eat: Chunk             |     3 |     1 ||     4
Armor: Skin              |    24 |     9 ||    33
Dodge: Dodged            |    51 |    18 ||    69

Table legend:
 A = Spawn XP
 B = Non-spawn XP
 C = Spawn XP percentage of total XP
 D = Spawn monster count
 E = Non-spawn monster count
 F = Spawn count percentage of total count
 G = Total turns spent on level
                    A         B        C        D         E        F      G
               +---------+---------+-------+---------+---------+-------+---------
         Total |       0 |     113 |   0.0 |       0 |      40 |   0.0 |  2098
               +---------+---------+-------+---------+---------+-------+---------
           D:1 |       0 |      44 |   0.0 |       0 |      25 |   0.0 |  1393
           D:2 |       0 |      62 |   0.0 |       0 |      12 |   0.0 |   626
           D:3 |       0 |       7 |   0.0 |       0 |       3 |   0.0 |    79
               +---------+---------+-------+---------+---------+-------+---------
